 Dungeon Crawl Stone Soup version 0.30-a0-778-g2ef04afb54 (webtiles) character file.

Game seed: 2878213819093014924

86 bande the Covered (level 4, -4/29 HPs)
             Began as a Gargoyle Fighter on Feb 16, 2023.
             Slain by a gnoll
             ... wielding a +0 flail
              (10 damage)
             ... on level 2 of the Dungeon.
             The game lasted 00:02:03 (1234 turns).

bande the Covered (Gargoyle Fighter)                Turns: 1234, Time: 00:02:03

Health: -4/29      AC: 10    Str: 19    XL:     4   Next: 50%
Magic:  4/4        EV:  9    Int:  9    God:
Gold:   96         SH:  4    Dex: 11    Spells: 3/3 levels left

rFire   . . .      SeeInvis .    a - +0 war axe
rCold   . . .      Faith    .    c - +0 buckler
rNeg    + . .      Spirit   .    b - +0 scale mail
rPois   ∞          Reflect  .    (no helmet)
rElec   +          Harm     .    (no cloak)
rCorr   .          Rampage  .    (no gloves)
Will    .....                    (no boots) Stlth
                                 (no amulet)
HPRegen 0.24/turn                m - ring of flight
MPRegen 0.09/turn                (no ring)

@: flying
A: sickness immunity, AC +3, negative energy resistance 1, electricity
resistance, torment resistance 1, petrification resistance
a: no special abilities


You were on level 2 of the Dungeon.
You visited 1 branch of the dungeon, and saw 2 of its levels.

You collected 96 gold pieces.

Inventory:

Hand Weapons
 a - a +0 war axe (weapon)
Armour
 b - a +0 scale mail (worn)
 c - a +0 buckler (worn)
Jewellery
 f - a ring of fire
 m - a ring of flight (left hand)
Scrolls
 h - 2 scrolls of teleportation {unknown}
 i - 3 scrolls of identify {unknown}
 j - a scroll of torment {unknown}
 k - a scroll of immolation {unknown}
 l - a scroll of noise {unknown}
Potions
 d - 3 potions of might
 e - a potion of curing {unknown}
 g - a potion of degeneration {unknown}


   Skills:
 + Level 3.8 Fighting
 + Level 2.8 Axes
 + Level 4.0 Armour
 + Level 3.7 Shields


You had 3 spell levels left.
You didn't know any spells.
Your spell library was empty.

Dungeon Overview and Level Annotations

Branches:
Dungeon (2/15)

Altars:


Innate Abilities, Weirdness & Mutations

You are immune to sickness and miasma.
Your stone body is resilient. (AC +3)
You are immune to poison.
You resist negative energy. (rN+)
You are resistant to electric shocks. (rElec)
You are resistant to unholy torment.
You are immune to petrification.


Message History

2 gnolls come into view.
Found a stone staircase leading down.
The gnoll shouts! x2; You hear a shout!
You see here a book of Geomancy. 2 gnolls come into view.
Found 30 gold pieces.
The gnoll shouts! x2
The gnoll moves out of view.
A kobold comes into view. It is wielding a +0 whip.
The gnoll barely misses you.
You barely miss the gnoll. You closely miss the gnoll.
The gnoll hits you with a +0 flail. The gnoll closely misses you.
The gnoll hits you from afar with a +0 spear.
The gnoll barely misses you. The gnoll hits you with a +0 spear.
The gnoll completely misses you.
You closely miss the gnoll. You barely miss the gnoll.
A gnoll opens the large door.
The gnoll hits you with a +0 spear. The gnoll barely misses you.
The gnoll hits you but does no damage.
You barely miss the gnoll. You slash the gnoll! You block the gnoll's attack.
The gnoll hits you but does no damage.
You closely miss the gnoll. You barely miss the gnoll. You slash the gnoll!
You kill the gnoll!
The gnoll barely misses you. x2; You block the gnoll's attack.
A bat comes into view.
The kobold hits you but does no damage. The gnoll hits you with a +0 flail.
The gnoll hits you but does no damage. x2
You slash the gnoll!
The gnoll is almost dead.
You hit the gnoll. You miss the kobold. The kobold hits you with a +0 whip.
The gnoll hits you with a +0 flail.
* * * LOW HITPOINT WARNING * * *
The gnoll hits you with a +0 spear.
* * * LOW HITPOINT WARNING * * *
The gnoll hits you but does no damage.
You slash the gnoll!
You kill the gnoll!
You miss the kobold. You hit the gnoll. The bat hits you.
* * * LOW HITPOINT WARNING * * *
The kobold barely misses you. The gnoll hits you with a +0 flail!
You die...

#.# ######..# #.#
#.# #.# #. ..#
... ### ##+##
...# #
#...##....+ #
#...gb....# #
#######:.@)....#
#
#......###K....#
# #......# .g.>.#
# #......# ..$..#
# #......# ...$.#
# #......# .....#
# ##.....(##
###### #
#..........
#######.##.#.####


You could see 2 gnolls, a bat and a kobold.

Vanquished Creatures
  Jessica (D:2)
  2 gnolls (D:2)
  2 adders (D:2)
  2 dart slugs (D:1)
  5 endoplasms
  A giant cockroach (D:1)
  2 goblins (D:1)
  2 hobgoblins (D:1)
  A quokka (D:2)
  3 ball pythons
  3 bats (D:1)
  2 frilled lizards
  4 kobolds
  2 rats
32 creatures vanquished.

Vanquished Creatures (others)
  4 toadstools (D:1)
4 creatures vanquished.

Grand Total: 36 creatures vanquished

Notes
Turn   | Place    | Note
-------+----------+-------------------------------------------
     0 | D:1      | bande the Gargoyle Fighter began the quest for the Orb.
     0 | D:1      | Reached XP level 1. HP: 14/14 MP: 1/1
   106 | D:1      | Reached XP level 2. HP: 14/19 MP: 2/2
   549 | D:1      | Reached XP level 3. HP: 23/23 MP: 3/3
  1071 | D:2      | Noticed Jessica
  1092 | D:2      | Killed Jessica
  1093 | D:2      | Reached skill level 4 in Armour
  1093 | D:2      | Reached XP level 4. HP: 12/29 MP: 4/4
  1234 | D:2      | Slain by a gnoll

Illustrated notes

Levels and vault maps discovered:
D:1:      ldierk_walled_garden_2, layout_basic
D:2:      layout_basic, uniq_jessica

Skill      XL: |  1  2  3 |
---------------+----------+-----
Axes           | 2 |  2.8
Armour         | 4 |  4.0
Fighting       | |  3.8
Shields        | |  3.7

Action                     |  1- 3 |  4- 6 || total
---------------------------+-------+-------++-------
  Melee: War axe           |    99 |     6 ||   105
 Armour: Scale mail        |    64 |     6 ||    70
  Dodge: Dodged            |    50 |     8 ||    58
  Block: Buckler           |    25 |     2 ||    27

Table legend: (Time is in decaauts)
 A = Elapsed time spent in this place.
 B = Non-inter-level travel time spent in this place.
 C = Inter-level travel time spent in this place.
 D = Time resting spent in this place.
 E = Time spent auto-exploring this place.
 F = Levels seen in this place.
 G = Mean time per level.
                   A        B        C        D        E       F      G
               +--------+--------+--------+--------+--------+-----+--------+
         Total |   1284 |   1284 |      0 |     69 |    934 |   2 |  642.0 |
       Dungeon |   1284 |   1284 |      0 |     69 |    934 |   2 |  642.0 |
               +--------+--------+--------+--------+--------+-----+--------+

Top non-repeatable levels by time:
     D:1: 823 daAuts
     D:2: 461 daAuts
